 Dungeon Crawl Stone Soup version 0.23-a0-119-ga86c9e7 (webtiles) character file.

261 nikopol the Magician (level 5, -8/28 HPs)
             Began as a Deep Elf Fire Elementalist on Aug 24, 2018.
             Shot with an arrow by a centaur (11 damage)
             ... on level 4 of the Dungeon.
             The game lasted 00:07:05 (3048 turns).

nikopol the Magician (Deep Elf Fire Elementalist)   Turns: 3048, Time: 00:07:06

Health: -8/28      AC:  5    Str:  5    XL:     5   Next: 96%
Magic:  14/14      EV: 13    Int: 21    God:
Gold:   181        SH:  0    Dex: 15    Spells: 4/14 levels left

rFire    . . .     SeeInvis .   (no weapon)
rCold    + . .     Gourm    .   (no shield)
rNeg     . . .     Faith    .   a - +0 robe
rPois    .         Spirit   .   d - +0 helmet (curse)
rElec    .         Reflect  .   u - +0 cloak
rCorr    .         Harm     .   r - +0 pair of gloves
MR       .....                  (no boots)
Stlth    ++........             (no amulet)
HPRegen  0.09/turn              b - ring of protection from cold
MPRegen  0.14/turn              (no ring)

@: no status effects
A: no striking features
a: no special abilities


You were on level 4 of the Dungeon.
You were not hungry.

You visited 1 branch of the dungeon, and saw 4 of its levels.

You collected 181 gold pieces.

Inventory:

Armour
 a - a +0 robe (worn)
 d - a cursed +0 helmet (worn)
 r - a +0 pair of gloves (worn)
 u - a +0 cloak (worn)
Jewellery
 b - a ring of protection from cold (left hand)
 f - an uncursed ring of stealth {unknown}
 s - a +2 ring of intelligence {unknown}
Scrolls
 e - 2 scrolls of magic mapping {unknown}
 g - a scroll of remove curse {unknown}
 j - 3 scrolls of identify {unknown}
 l - a scroll of random uselessness {unknown}
 n - 2 scrolls of teleportation {unknown}
 o - a scroll of amnesia {unknown}
 t - a scroll of fear {unknown}
Potions
 h - 2 potions of mutation {unknown}
 i - a potion of might {unknown}
 k - 2 potions of curing {unknown}
 m - a potion of degeneration {unknown}
 p - a potion of invisibility {unknown}
 q - a potion of haste {unknown}
Comestibles
 c - 5 rations


   Skills:
 + Level 0.1 Fighting
 + Level 3.1 Dodging
 + Level 3.0 Stealth
 + Level 5.2 Spellcasting
 + Level 3.4 Conjurations
 + Level 4.8 Fire Magic


You had 4 spell levels left.
You knew the following spells:

 Your Spells              Type           Power        Failure   Level  Hunger
a - Flame Tongue          Conj/Fire      ###..        1%          1    None
b - Throw Flame           Conj/Fire      ###...       3%          2    None
c - Conjure Flame         Conj/Fire      ###.....     6%          3    ##.....
d - Sticky Flame          Conj/Fire      ###.....     19%         4    ####...

Your spell library contained the following spells:

 Spells                   Type           Power        Failure   Level  Hunger
 Inner Flame              Hex/Fire       ###.....     12%         3    ##.....
 Fireball                 Conj/Fire      ###.......   47%         5    #####..


Dungeon Overview and Level Annotations

Branches:
Dungeon (4/15)
 Temple: D:4-7

Altars:
Elyvilon


Message History

You kill the giant cockroach!
The centaur shouts!
The centaur wields a shortbow.
The centaur shoots an arrow.
The arrow misses you.
The centaur shoots an arrow.
The arrow hits you!
You see here an arrow.
The centaur shoots an arrow.
The arrow hits you!
You see here an arrow.
The centaur shoots an arrow.
The arrow hits you.
* * * LOW HITPOINT WARNING * * *
You see here an arrow.
A centaur is nearby!
The centaur shoots an arrow.
The arrow hits you.
* * * LOW HITPOINT WARNING * * *
The centaur shoots an arrow.
The arrow hits you.
* * * LOW HITPOINT WARNING * * *
You see here an arrow.
The centaur shoots an arrow.
The arrow closely misses you.
The centaur shoots an arrow.
The arrow hits you!
You die...

###.........## #..(.........#
......?.... ##...........##
............ #............# #
....c.......# ##..<...###### #
............# ##..#### #
..c........# ##...####
..........# ####.......########
.........#####(.@..#...........##
!..(....###....#...#............#
.......##c..#####................
...?.(((.#### #................
.......### ##...............
.?.....# #...............
..##.... ##.............. ##
##.... #.............# #.....
#.............#


You could see a centaur.

Vanquished Creatures
  Purgy (D:3)
  A scorpion (D:4)
  4 adders
  An ooze (D:2)
  2 worms
  3 dart slugs
  2 leopard geckos (D:2)
  An orc (D:3)
  6 bats
  5 giant cockroaches
  5 goblins
  7 hobgoblins
  4 jackals
  5 frilled lizards
  6 kobolds
  A leopard gecko skeleton (D:4)
  8 rats
62 creatures vanquished.

Vanquished Creatures (others)
  A quokka (D:3)
1 creature vanquished.

Grand Total: 63 creatures vanquished

Notes
Turn   | Place    | Note
-------+----------+-------------------------------------------
     0 | D:1      | nikopol the Deep Elf Fire Elementalist began the quest for the Orb.
     0 | D:1      | Reached XP level 1. HP: 10/10 MP: 6/6
   253 | D:1      | Reached XP level 2. HP: 15/15 MP: 2/8
  1030 | D:2      | Reached XP level 3. HP: 19/19 MP: 3/10
  1888 | D:3      | Reached skill level 4 in Spellcasting
  1912 | D:3      | Reached XP level 4. HP: 24/24 MP: 7/12
  2200 | D:3      | Found a white marble altar of Elyvilon.
  2443 | D:3      | Noticed Purgy
  2448 | D:3      | Learned a level 2 spell: Throw Flame
  2452 | D:3      | Learned a level 3 spell: Conjure Flame
  2457 | D:3      | Learned a level 4 spell: Sticky Flame
  2481 | D:3      | Killed Purgy
  2481 | D:3      | Reached skill level 5 in Spellcasting
  2481 | D:3      | Reached XP level 5. HP: 22/28 MP: 1/14
  3034 | D:4      | Noticed a centaur
  3048 | D:4      | Shot with an arrow by a centaur

Vault maps used:
D:1:      dpeg_arrival_central
D:2:      minmay_pentomino_o4
D:3:      elyvilon_altar_4, uniq_purgy
D:4:      black_bear_nest_2, first_ration

Skill      XL: |  1  2  3  4  5 |
---------------+----------------+-----
Conjurations   | 2 3 |  3.4
Fire Magic     | 4 |  4.8
Spellcasting   | 4 5 |  5.2
Dodging        | 3 |  3.1
Stealth        | 3 |  3.0
Fighting       | |  0.1

Action                   |  1- 3 |  4- 6 || total
-------------------------+-------+-------++-------
 Cast: Flame Tongue      |    81 |    52 ||   133
       Conjure Flame     |       |     1 ||     1
       Sticky Flame      |       |     1 ||     1
       Throw Flame       |       |     1 ||     1
  Eat: Chunk             |     2 |     2 ||     4
       Ration            |       |     1 ||     1
Armor: Robe              |    11 |     4 ||    15
Dodge: Dodged            |    23 |    15 ||    38

Table legend:
 A = Non-vault XP
 B = Vault XP
 C = Vault XP percentage of total XP
 D = Non-vault monster count
 E = Vault monster count
 F = Vault count percentage of total count
                 A         B        C        D         E       F
            +---------+---------+-------+---------+---------+-------
      Total |     230 |     144 |  38.5 |      58 |       4 |   6.5
            +---------+---------+-------+---------+---------+-------
        D:1 |      25 |       0 |   0.0 |      13 |       0 |   0.0
        D:2 |      51 |       6 |  10.5 |      16 |       3 |  15.8
        D:3 |      78 |     138 |  63.9 |      24 |       1 |   4.0
        D:4 |      76 |       0 |   0.0 |       5 |       0 |   0.0
            +---------+---------+-------+---------+---------+-------
